AoeStats
← Overcome8853

Arena

509713696Analyzed
3v3 RM · 3d ago on Sep 27, 2026· 67m 50s· 6 players
Game mode
Random Map
Map size
Normal (6 player)
Population
200
Speed
Normal
Resources
Standard
Victory
Conquest
Starting age
Dark Age
Ending age
Imperial Age
RankedLock teamsTeams togetherTeam positionsShared explorationLock speedFull tech treeHidden civsTurbo modeCheats
Victory
Defeat
🇦🇷 Khmer · Argentina
886
+11
🇨🇱 Italians · Chile
813
+14
🇧🇷 Inca · Brazil
741
+17
🇭🇺 Japanese · Hungary
842
-39
🇭🇺 Khmer · Hungary
739
-13
🇭🇺 Celts · Hungary
709
-12
nguerrah99
0:28 Loom
12:26 Feudal Age
14:28 Stone Mining
14:29 Gold Mining
14:41 Gold Mining
20:38 Castle Age
18:42 Double-Bit Axe
18:44 Horse Collar
22:15 Wheelbarrow
21:47 Heavy Plow
21:59 Bow Saw
22:27 Stone Shaft Mining
23:47 Hand Cart
26:42 Caravan
29:42 Imperial Age
28:30 Silk Road
31:16 Conscription
31:53 Crop Rotation
32:33 Two-Man Saw
33:01 Town Watch
34:13 Hoardings
33:42 Crossbowman
34:28 Thumb Ring
35:02 Padded Archer Armor
34:53 Fletching
36:45 Leather Archer Armor
36:04 Arbalester
36:08 Elite Skirmisher
36:46 Bodkin Arrow
38:26 Pirotechnia
39:25 Chemistry
38:46 Ballistics
38:37 Fortified Wall
38:09 Treadmill Crane
38:26 Murder Holes
38:43 Masonry
39:06 Bracer
41:21 Pikeman
42:02 Squires
41:47 Arson
41:23 Man-at-Arms
42:48 Long Swordsman
43:47 Forging
43:39 Scale Mail Armor
44:35 Scale Barding Armor
45:04 Ring Archer Armor
45:10 Iron Casting
45:32 Chain Mail Armor
46:02 Architecture
46:14 Chain Mail Armor
48:22 Two-Handed Swordsman
49:43 Fervor
49:50 Block Printing
50:05 Illumination
50:02 Sanctity
50:02 Redemption
50:28 Theocracy
50:38 Capped Ram
55:52 Town Patrol
57:15 Champion
theilor.taiariol
10:08 Feudal Age
13:08 Scale Mail Armor
13:18 Forging
13:01 Double-Bit Axe
14:13 Champi Runner
22:44 Castle Age
21:09 Padded Archer Armor
21:17 Fletching
22:34 Horse Collar
22:59 Gold Mining
23:13 Stone Mining
23:42 Chain Mail Armor
24:03 Iron Casting
23:18 Champi Warrior
23:59 Squires
27:02 Heavy Plow
27:12 Bow Saw
33:58 Imperial Age
32:59 Caravan
34:20 Bodkin Arrow
36:27 Wheelbarrow
35:37 Loom
36:26 Plate Mail Armor
36:57 Blast Furnace
40:11 Hand Cart
40:17 Leather Archer Armor
40:03 Bracer
39:49 Elite Champi Warrior
43:12 Chemistry
42:44 Ballistics
44:23 Conscription
44:13 Andean Sling
49:50 Heavy Scorpion
54:36 Elite Kamayuk
AFBSXLE
9:41 Feudal Age
10:16 Double-Bit Axe
10:15 Horse Collar
16:33 Castle Age
20:44 Bow Saw
30:06 Imperial Age
28:11 Gold Mining
28:11 Stone Mining
29:50 Gold Shaft Mining
30:27 Heavy Scorpion
32:03 Wheelbarrow
31:15 Town Watch
33:06 Caravan
33:11 Pikeman
34:03 Double Crossbow
35:41 Hand Cart
35:29 Town Patrol
36:39 Halberdier
37:27 Padded Archer Armor
37:31 Scale Mail Armor
37:42 Forging
37:25 Fletching
38:39 Chemistry
38:00 Ballistics
38:48 Stone Shaft Mining
39:24 Leather Archer Armor
39:05 Bodkin Arrow
39:27 Chain Mail Armor
39:48 Iron Casting
49:35 Bloodlines
49:26 Husbandry
48:47 Light Cavalry
49:50 Hussar
Pufci2011
0:29 Loom
14:45 Feudal Age
16:20 Horse Collar
16:30 Double-Bit Axe
16:39 Gold Mining
16:40 Stone Mining
22:08 Castle Age
26:07 Heavy Plow
26:46 Gold Shaft Mining
26:47 Stone Shaft Mining
26:26 Bow Saw
29:55 Imperial Age
28:22 Ballistics
30:38 Heavy Scorpion
34:43 Caravan
39:17 Elite Woad Raider
43:55 Coinage
46:23 Furor Celtica
46:04 Stronghold
49:11 Chemistry
48:26 Forging
48:25 Scale Mail Armor
Overcome8853
14:40 Feudal Age
21:10 Castle Age
25:04 Scale Mail Armor
30:49 Imperial Age
29:00 Chain Mail Armor
28:56 Forging
28:48 Padded Archer Armor
28:55 Scale Barding Armor
28:41 Fletching
29:33 Fortified Wall
30:05 Caravan
29:54 Man-at-Arms
30:36 Squires
30:18 Pikeman
30:55 Gambesons
30:38 Long Swordsman
31:15 Horse Collar
33:18 Iron Casting
33:14 Plate Mail Armor
32:31 Two-Handed Swordsman
34:16 Wheelbarrow
33:28 Town Watch
33:41 Double-Bit Axe
35:18 Champion
36:23 Heavy Plow
38:00 Kataparuto
38:28 Hand Cart
39:33 Blast Furnace
41:00 Elite Samurai
43:45 Yasama
44:21 Hoardings
49:52 Cavalier
50:35 Husbandry
49:58 Light Cavalry
50:52 Bloodlines
57:20 Halberdier
Scrap
0:27 Loom
13:34 Feudal Age
14:54 Wheelbarrow
18:28 Castle Age
17:44 Horse Collar
18:28 Stone Mining
18:30 Gold Mining
18:28 Double-Bit Axe
20:12 Bow Saw
22:07 Heavy Plow
28:09 Coinage
27:51 Caravan
28:53 Padded Archer Armor
28:44 Fletching
29:04 Forging
33:49 Imperial Age
31:38 Hand Cart
31:12 Town Watch
32:38 Scale Barding Armor
33:09 Iron Casting
32:50 Leather Archer Armor
33:34 Stone Shaft Mining
33:34 Gold Shaft Mining
34:07 Tusk Swords
36:37 Chemistry
35:59 Ballistics
36:58 Conscription
37:19 Banking
38:04 Crop Rotation
40:32 Ring Archer Armor
41:03 Blast Furnace
40:46 Elite Ballista Elephant
41:59 Double Crossbow
41:22 Heavy Scorpion
44:56 Hoardings
45:08 Bloodlines
44:18 Light Cavalry
53:08 Chain Barding Armor
52:49 Sappers
54:18 Husbandry
53:40 Cavalier
54:57 Onager
Connection lost

Rejoining the realm…

Still unreachable

The connection could not be restored.

Session expired

The server has moved on; the page needs a fresh start.